 Seeded DCSS version 0.29.1-15-g9cfb28693d (webtiles) character file.

Game seed: 1 (custom seed)

1006 Kazon the Trooper (level 8, -3/126 HPs)
             Began as an Ogre Gladiator on Mar 21, 2023.
             Slain by a gnoll
             ... wielding a +0 club
              (4 damage)
             ... on level 5 of the Dungeon.
             The game lasted 00:15:32 (3465 turns).

Kazon the Trooper (Ogre Gladiator)                  Turns: 3465, Time: 00:15:33

Health: -3/126     AC:  3    Str: 19    XL:     8   Next: 20%
Magic:  8/8        EV: 10    Int: 11    God:
Gold:   140        SH: 14    Dex: 10    Spells: 7/7 levels left

rFire   . . .      SeeInvis .   q - +0 flail
rCold   . . .      Faith    .   c - +6 kite shield "Leoruw" {Contam rPois rN++ Stlth+}
rNeg    + + +      Spirit   .   m - +0 robe
rPois   +          Reflect  .   g - +0 hat
rElec   .          Harm     .   (no cloak)
rCorr   .          Rampage  .   (gloves unavailable)
Will    .....                   (boots unavailable)
Stlth   ..........              h - amulet of the acrobat
HPRegen 0.31/turn               s - ring of positive energy
MPRegen 0.11/turn               (no ring)

@: berserking (expiring), very quick
A: large, unfitting armour, tough skin 1
a: no special abilities


You were on level 5 of the Dungeon.
You visited 1 branch of the dungeon, and saw 5 of its levels.

You collected 324 gold pieces.
You spent 184 gold pieces at shops.

Inventory:

Hand Weapons
 e - a +2 dagger of venom
 q - a +0 flail (weapon)
 r - the +3 falchion of Winter {venom, rCorr}
   (You bought it in a shop on level 3 of the Dungeon)

   It poisons the flesh of those it strikes.
   rCorr:     It protects you from acid and corrosion.
Missiles
 d - 4 throwing nets
 l - 8 stones (quivered)
 o - a large rock
 y - 5 boomerangs
Armour
 c - the +6 kite shield "Leoruw" (worn) {Contam rPois rN++ Stlth+}
   (You acquired it on level 1 of the Dungeon)

   rPois:     It protects you from poison.
   rN:        It greatly protects you from negative energy.
   Contam:    It causes magical contamination when unequipped.
   Stlth:     It makes you more stealthy.
 g - a +0 hat (worn)
 m - a +0 robe (worn)
Jewellery
 h - an amulet of the acrobat (around neck)
 s - a ring of positive energy (left hand)
Scrolls
 i - 8 scrolls of identify
 n - a scroll of immolation {unknown}
 p - a scroll of poison {unknown}
 u - a scroll of magic mapping {unknown}
 v - a scroll of noise {unknown}
 w - a scroll of teleportation {unknown}
 x - a scroll of fog {unknown}
Potions
 a - a potion of ambrosia {unknown}
 b - a potion of berserk rage
 f - 2 potions of haste {unknown}
 j - a potion of attraction {unknown}
 k - a potion of flight {unknown}
 t - a potion of lignification {unknown}
 z - a potion of magic {unknown}


   Skills:
 + Level 6.7 Fighting
 + Level 4.1 Short Blades
 + Level 5.7 Maces & Flails
 + Level 4.9 Throwing
 + Level 3.5 Armour
 + Level 5.6 Dodging
 + Level 4.0 Stealth
 + Level 4.6 Shields


You had 7 spell levels left.
You didn't know any spells.
Your spell library contained the following spells:

 Spells                   Type           Power      Damage    Failure   Level
 Apportation              Tloc           0%         N/A       63%         1
 Necrotise                Necr           0%         1d4       63%         1
 Sting                    Tmut/Pois      0%         1d3       63%         1
 Summon Small Mammal      Summ           0%         N/A       63%         1
 Poisonous Vapours        Pois/Air       0%         N/A       77%         2
 Olgreb's Toxic Radiance  Pois           0%         N/A       100%        4
 Fireball                 Conj/Fire      0%         3d3       100%        5
 Iskenderun's Battlesphe  Conj           0%         2d6       100%        5
 Conjure Ball Lightning   Conj/Air       0%         3x3d6     100%        6
 Orb of Destruction       Conj           0%         9d5       100%        7


Dungeon Overview and Level Annotations

Branches:
Dungeon (5/15)
 Temple: D:4-7

Altars:
Hepliaklqana

Shops:
D:3 (


Innate Abilities, Weirdness & Mutations

You are too large for most types of armour.
You have tough skin. (AC +1)


Message History

You block the gnoll's attack. The gnoll closely misses you.
The gnoll hits you from afar with a +3 spear.
You closely miss the gnoll.
The gnoll is lightly wounded.
You block the scorpion's attack.
The gnoll hits you from afar with a +3 spear.
You block the gnoll's attack. The scorpion stings you.
It was a potion of berserk rage.
A red film seems to cover your vision as you go berserk!
You feel yourself moving faster!
You feel mighty! You block the scorpion's attack.
The gnoll hits you with a +0 club.
The gnoll hits you from afar with a +3 spear!
* * * LOW HITPOINT WARNING * * *
You completely miss the gnoll.
The gnoll is lightly wounded.
You block the scorpion's attack. You block the gnoll's attack.
The gnoll hits you from afar with a +3 spear!
* * * LOW HITPOINT WARNING * * *
You bludgeon the scorpion!!
You kill the scorpion!
You sock the gnoll!
The gnoll is severely wounded.
You block the gnoll's attack. The gnoll hits you with a +0 club.
* * * LOW HITPOINT WARNING * * *
You thump the gnoll!
The gnoll is almost dead.
You block the gnoll's attack. The gnoll hits you with a +0 club.
* * * LOW HITPOINT WARNING * * *
The gnoll hits you with a +0 club!
* * * LOW HITPOINT WARNING * * *
You sock the gnoll!
You kill the gnoll!
The gnoll hits you from afar with a +3 spear!
* * * LOW HITPOINT WARNING * * *
The gnoll hits you with a +0 club.
* * * LOW HITPOINT WARNING * * *
You closely miss the gnoll.
The gnoll is almost dead.
The gnoll barely misses you. The gnoll hits you with a +0 club.
You die...

#..# #.. #..#
##. #..# #.
##..##### ##
##.......## #
#.........# #
##.........#
##gg)......#
##g.#@....!.#
#..s##......##
#..g########..##
#..## ##..##
#..# ##..# #..#
#..## # #...
##..## ##. ....
##..##... ...#
##......


You could see 2 gnolls.

Vanquished Creatures
  Menkaure (D:5)
  A centaur (D:5)
  A necrophage (D:5)
  4 scorpions
  A howler monkey (D:5)
  A hound (D:4)
  An orc priest (D:3)
  2 iguanas
  Robin (D:3)
  4 gnolls
  6 adders
  An ufetubus (D:5)
  3 worms
  5 orcs
  11 endoplasms
  A giant cockroach (D:1)
  16 goblins
  9 hobgoblins
  A jackal (D:4)
  4 kobolds
  A quokka (D:1)
  5 ball pythons
  4 bats
  3 frilled lizards
  6 rats
93 creatures vanquished.

Notes
Turn   | Place    | Note
-------+----------+-------------------------------------------
     0 | D:1      | Kazon the Ogre Gladiator began the quest for the Orb.
     0 | D:1      | Reached XP level 1. HP: 22/22 MP: 1/1
    36 | D:1      | Identified a scroll of acquirement
    36 | D:1      | Acquired the +6 kite shield "Leoruw" {Contam rPois rN++
                  | Stlth+}
   175 | D:1      | Reached XP level 2. HP: 29/29 MP: 2/2
   734 | D:2      | Reached XP level 3. HP: 36/36 MP: 3/3
  1304 | D:2      | Reached skill level 3 in Fighting
  1304 | D:2      | Reached XP level 4. HP: 24/45 MP: 4/4
  1661 | D:3      | Reached XP level 5. HP: 46/53 MP: 5/5
  1724 | D:3      | Found Umat's Antique Weapon Boutique.
  1745 | D:3      | Bought a crude falchion for 184 gold pieces
  1745 | D:3      | Identified the +3 falchion of Winter {venom, rCorr} (You
                  | bought it in a shop on level 3 of the Dungeon)
  1874 | D:3      | Noticed Robin
  1887 | D:3      | Reached skill level 1 in Short Blades
  1888 | D:3      | Reached skill level 1 in Shields
  1893 | D:3      | Killed Robin
  1893 | D:3      | HP: 2/52 [goblin/+0 dagger[Robin] (5)]
  2045 | D:3      | Reached skill level 6 in Fighting
  2045 | D:3      | Reached skill level 5 in Maces & Flails
  2045 | D:3      | Reached skill level 5 in Dodging
  2045 | D:3      | Reached XP level 6. HP: 31/68 MP: 6/6
  2557 | D:4      | Reached XP level 7. HP: 74/76 MP: 7/7
  2965 | D:4      | Found a hazy altar of Hepliaklqana.
  3040 | D:5      | Entered Level 5 of the Dungeon
  3171 | D:5      | Noticed Menkaure
  3184 | D:5      | Killed Menkaure
  3185 | D:5      | Reached XP level 8. HP: 47/84 MP: 8/8
  3464 | D:5      | HP: 1/126 [gnoll/+0 club (6)]
  3465 | D:5      | Slain by a gnoll

Illustrated notes

Levels and vault maps discovered:
D:1:      dpeg_arrival_three_smaller_balls, layout_basic
D:2:      layout_loops_ring
D:3:      layout_basic, serial_shops, nicolae_shop_stone, st_stairs_9,
          minmay_misc_feat_doors, eino_curves_03, uniq_robin
D:4:      minmay_wonky_spiral, layout_basic,
          mainiacjoe_overflow_surrounded_room, minivault_5
D:5:      layout_cave_pods, uniq_menkaure, uniq_eustachio

Skill      XL: |  1  2  3  4  5  6  7  8 |
---------------+-------------------------+-----
Maces & Flails | 3 5 |  5.7
Dodging        | 3 5 |  5.6
Fighting       | 3 6 |  6.7
Short Blades   | 3 4 |  4.1
Shields        | 4 |  4.6
Throwing       | 4 |  4.9
Armour         | 3 |  3.5
Stealth        | 3 4 |  4.0

Action                   |  1- 3 |  4- 6 |  7- 9 || total
-------------------------+-------+-------+-------++-------
Melee: Flail             |    79 |    24 |    55 ||   158
       Dagger            |    11 |    84 |    35 ||   130
       Falchion          |       |     3 |       ||     3
Throw: Stone             |     6 |    11 |    16 ||    33
  Use: Scroll            |     1 |       |     1 ||     2
       Potion            |       |     1 |     1 ||     2
 Stab: Sleeping          |     6 |     7 |     4 ||    17
       Distracted        |       |       |     1 ||     1
Armor: Robe              |    22 |     9 |     3 ||    34
Dodge: Dodged            |    37 |    33 |    38 ||   108
Block: Kite shield       |    44 |    63 |    74 ||   181
